 Dungeon Crawl Stone Soup version 0.20.1-1-g8b1a95d (webtiles) character file.

225 poirepourri the Insei (level 6, -2/43 HPs)
             Began as a Merfolk Transmuter on Nov 15, 2017.
             Killed from afar by an orc wizard (11 damage)
             ... with a puff of flame
             ... on level 3 of the Dungeon.
             The game lasted 00:04:42 (3175 turns).

poirepourri the Insei (Merfolk Transmuter)          Turns: 3175, Time: 00:04:42

Health: -2/43      AC:  2    Str: 11    XL:     6   Next: 1%
Magic:  6/12       EV: 21    Int: 13    God:
Gold:   119        SH:  0    Dex: 20    Spells: 3/13 levels left

rFire    . . .     SeeInvis .     - Unarmed
rCold    . . .     Gourm    .   (shield currently unavailable)
rNeg     . . .     Faith    .   (armour currently unavailable)
rPois    .         Spirit   .   (helmet currently unavailable)
rElec    .         Reflect  .   (cloak currently unavailable)
rCorr    .         Harm     .   (gloves currently unavailable)
MR       .....                  (boots currently unavailable)
Stlth    ++........             (no amulet)
Regen    0.2/turn               l - ring of poison resistance
MPRegen  0.2/turn               (no ring)

@: spider-form (expiring), very slightly contaminated
A: (change form in water), (swift swim), (stealthy swim)
a: End Transformation


You were on level 3 of the Dungeon.
You were full.
You were a venomous arachnid creature.
You visited 1 branch of the dungeon, and saw 3 of its levels.

You collected 119 gold pieces.

Inventory:

Missiles
 a - 12 arrows
Armour
 b - a +0 robe (melded)
 h - a +0 pair of boots (melded)
Jewellery
 l - a ring of poison resistance (left front leg)
Scrolls
 e - 2 scrolls of remove curse
 f - a scroll of teleportation
 g - a scroll of blinking
Potions
 i - a potion of magic {unknown}
 j - a potion of resistance {unknown}
 m - a potion of cancellation {unknown}
Books
 c - a book of Changes

   Spells                             Type                      Level
   a - Beastly Appendage              Transmutation                1
   b - Sticks to Snakes               Transmutation                2
   c - Spider Form                    Transmutation/Poison         3
   d - Ice Form                       Ice/Transmutation            4
   e - Blade Hands                    Transmutation                5
Comestibles
 d - 3 bread rations


   Skills:
 + Level 1.5 Fighting
 - Level 2.6 Dodging
 - Level 5.4 Unarmed Combat
 - Level 4.0 Spellcasting
 - Level 2.8 Transmutations


You had 3 spell levels left.
You knew the following spells:

 Your Spells              Type           Power        Failure   Level  Hunger
a - Beastly Appendage     Tmut           #.....       19%         1    None
b - Sticks to Snakes      Tmut           #.......     24%         2    ##.....
c - Spider Form           Tmut/Pois      #.........   56%         3    ###....
d - Ice Form              Ice/Tmut       #.......     89%         4    ####...


Dungeon Overview and Level Annotations

Branches:
Dungeon (3/15)

Altars:
Fedhas
The Shining One


Message History

You are electrocuted!
* * * LOW HITPOINT WARNING * * *
You hit the orc wizard.
The orc wizard looks as sick as possible!
The orc wizard is lightly wounded.
The orc wizard hits you but does no damage.
You closely miss the orc wizard.
The orc wizard is lightly wounded.
The orc wizard barely misses you. The orc wizard completely misses you.
You closely miss the orc wizard.
The orc wizard is heavily wounded.
The orc wizard closely misses you.
You barely miss the orc wizard.
The orc wizard is heavily wounded.
The orc wizard closely misses you.
You barely miss the orc wizard.
The orc wizard is severely wounded.
The orc wizard casts a spell at you. The puff of flame hits you!
You die...

...##.#.# ....#.#.# #..#
###.#.#.## #..#.# ..#.#....#
#..#.# <.#.###..# #..#.#
.........# #..#.# ....####.#
#..#.# #####....# ####..#.#
....#.####.#.#..so(#.######
..........................#
###.#############..#(####^#######
###.# #8## #..#(####........
....# ...8##................
..#.## ....##..#.####.#..####
..#.# ..>#..#.........# # ..#.##
..##.[#.........# # ..#.##
.8##..#.........####


You could see an orc wizard.

Vanquished Creatures
  An ogre (D:3)
  Jessica (D:3)
  5 adders
  A worm (D:3)
  A dart slug (D:2)
  A leopard gecko (D:1)
  3 orcs (D:3)
  10 bats
  4 giant cockroaches
  7 hobgoblins
  6 jackals
  2 frilled lizards
  7 goblins
  8 kobolds
  5 rats
62 creatures vanquished.

Notes
Turn   | Place    | Note
-------+----------+-------------------------------------------
     0 | D:1      | poirepourri the Merfolk Transmuter began the quest for the Orb.
     0 | D:1      | Reached XP level 1. HP: 15/15 MP: 3/3
   348 | D:1      | Reached XP level 2. HP: 21/21 MP: 3/5
   890 | D:1      | Reached XP level 3. HP: 17/26 MP: 5/7
   991 | D:1      | Learned a level 2 spell: Sticks to Snakes
   995 | D:1      | Learned a level 3 spell: Spider Form
  1600 | D:2      | Found a faded altar of an unknown god.
  1948 | D:2      | Reached XP level 4. HP: 23/32 MP: 9/9
  2191 | D:2      | Found a glowing golden altar of the Shining One.
  2260 | D:2      | Learned a level 4 spell: Ice Form
  2355 | D:2      | Found a blossoming altar of Fedhas.
  2567 | D:3      | Noticed Jessica
  2582 | D:3      | Killed Jessica
  2582 | D:3      | Reached skill level 4 in Unarmed Combat
  2582 | D:3      | Reached XP level 5. HP: 22/37 MP: 7/11
  2781 | D:3      | Noticed an ogre
  2793 | D:3      | Killed an ogre
  2793 | D:3      | Reached skill level 5 in Unarmed Combat
  3157 | D:3      | Reached XP level 6. HP: 40/43 MP: 9/12
  3175 | D:3      | Killed from afar by an orc wizard

Skill      XL: |  1  2  3  4  5 |
---------------+----------------+-----
Spellcasting   | 3 4 |  4.0
Unarmed Combat | 4 5 |  5.4
Fighting       | |  1.5
Dodging        | |  2.6
Transmutations | |  2.8

Action                   |  1- 3 |  4- 6 || total
-------------------------+-------+-------++-------
Melee: Unarmed           |   146 |    83 ||   229
       Headbutt          |     4 |     8 ||    12
       Punch             |       |     1 ||     1
 Cast: Beastly Appendage |    18 |    14 ||    32
       Spider Form       |     1 |     3 ||     4
  Use: Scroll            |     3 |     4 ||     7
 Stab: Sleeping          |       |     1 ||     1
  Eat: Bread ration      |     1 |       ||     1
       Fruit             |     1 |       ||     1
       Meat ration       |       |     1 ||     1
       Royal jelly       |       |     1 ||     1
Armor: Robe              |    65 |    11 ||    76
       Skin              |       |     1 ||     1
Dodge: Dodged            |   142 |    68 ||   210
